| TOP OF THE 1ST |
|
Auburn Doubledays batting - Pitching for Batavia Muckdogs : RHP Ryan Weedon
|
|
Pitching: RHP Ryan Weedon
|
|
|
Batting: RHB Victor Rojas
|
0-0: Ball 1-0: Foul Ball, location: 2F 1-1: Ball 2-1: Foul Ball, location: 2F 2-2: Strikes out looking
|
|
Batting: RHB Joe Simmelink
|
0-0: Called Strike 0-1: Called Strike 0-2: Ball 1-2: Ground out 6-3 (Groundball, 6, EV 81.9 MPH)
|
|
Batting: RHB Luis Vargas
|
0-0: Ball 1-0: Ball 2-0: Swinging Strike 2-1: Called Strike 2-2: Strikes out swinging wild pitch, reaches first!
|
|
Batting: RHB Kenny Ball
|
0-0: SINGLE (Groundball, 6D, EV 106.2 MPH) Luis Vargas to second
|
|
Batting: RHB Colin Morris
|
0-0: Called Strike 0-1: Ball 1-1: Ball 2-1: Fly out, F9 (Line Drive, 9, EV 95.0 MPH)
|
| Top of the 1st over - 0 runs, 1 hit, 0 errors, 2 left on base; Auburn 0 - Batavia 0 |
| BOTTOM OF THE 1ST |
|
Batavia Muckdogs batting - Pitching for Auburn Doubledays : RHP Michael Bastian
|
|
Pitching: RHP Michael Bastian
|
|
|
Batting: RHB Jeremy Dennis
|
0-0: Fly out, F8 (Line Drive, 89M, EV 105.6 MPH)
|
|
Batting: RHB Rick English
|
0-0: Foul Ball, location: 2F 0-1: Ground out 5-3 (Groundball, 56, EV 98.8 MPH)
|
|
Batting: LHB Danny Treto
|
0-0: Ball 1-0: Ball 2-0: Ball 3-0: Base on Balls
|
|
Batting: RHB Justin Dunham
|
0-0: Ball Danny Treto steals 2nd base 1-0: Ball 2-0: Called Strike 2-1: Ball 3-1: Called Strike 3-2: Foul Ball, location: 2F 3-2: Foul Ball, location: 2F 3-2: SINGLE (Line Drive, 9S, EV 89.4 MPH) Danny Treto to third Runner from 3rd tries for Home, SAFE, throw by RF to home
|
|
Batting: RHB Tony Ledezma
|
0-0: Ball 1-0: Called Strike 1-1: Called Strike 1-2: Strikes out looking
|
| Bottom of the 1st over - 1 run, 1 hit, 0 errors, 1 left on base; Auburn 0 - Batavia 1 |
| TOP OF THE 2ND |
|
Auburn Doubledays batting - Pitching for Batavia Muckdogs : RHP Ryan Weedon
|
|
Batting: RHB Alex Martinez
|
0-0: Ball 1-0: Ball 2-0: Ball 3-0: Called Strike 3-1: Called Strike 3-2: Strikes out swinging
|
|
Batting: RHB Charlie Iacovone
|
0-0: Ball 1-0: Called Strike 1-1: Foul Ball, location: 2F 1-2: Strikes out swinging
|
|
Batting: RHB Qian Tai
|
0-0: Ball 1-0: Ball 2-0: Called Strike 2-1: Ball 3-1: Base on Balls
|
|
Batting: SHB Fernando Fundora
|
0-0: Ball 1-0: Ball 2-0: Called Strike 2-1: Called Strike 2-2: Ball 3-2: Foul Ball, location: 2F 3-2: Base on Balls Qian Tai to second
|
|
Batting: RHB Victor Rojas
|
0-0: Swinging Strike 0-1: Ball 1-1: Called Strike 1-2: Strikes out swinging
|
| Top of the 2nd over - 0 runs, 0 hits, 0 errors, 2 left on base; Auburn 0 - Batavia 1 |
| BOTTOM OF THE 2ND |
|
Batavia Muckdogs batting - Pitching for Auburn Doubledays : RHP Michael Bastian
|
|
Batting: RHB Andy Kelly
|
0-0: Foul Ball, location: 2F 0-1: Ball 1-1: Ball 2-1: Foul Ball, location: 2F 2-2: Ball 3-2: Foul Ball, location: 2F 3-2: Foul Ball, location: 2F 3-2: Foul Ball, location: 2F 3-2: Strikes out swinging
|
|
Batting: RHB George Boivin
|
0-0: Called Strike 0-1: SINGLE (Flyball, 5D, EV 86.2 MPH)
|
|
Batting: RHB Jason Thrash
|
0-0: Called Strike 0-1: Called Strike George Boivin is caught stealing 2nd base 2-4 0-2: Ball 1-2: Fly out, F7 (Line Drive, 7S, EV 95.0 MPH)
|
| Bottom of the 2nd over - 0 runs, 1 hit, 0 errors, 0 left on base; Auburn 0 - Batavia 1 |
| TOP OF THE 3RD |
|
Auburn Doubledays batting - Pitching for Batavia Muckdogs : RHP Ryan Weedon
|
|
Batting: RHB Joe Simmelink
|
0-0: Ball 1-0: Called Strike 1-1: Foul Ball, location: 2F 1-2: Fly out, F5 (Line Drive, 56, EV 69.4 MPH)
|
|
Batting: RHB Luis Vargas
|
0-0: Swinging Strike 0-1: Ball 1-1: Ball 2-1: SINGLE (Line Drive, 4MD, EV 106.2 MPH)
|
|
Batting: RHB Kenny Ball
|
0-0: Ball 1-0: Hit by Pitch Luis Vargas to second
|
|
Batting: RHB Colin Morris
|
0-0: Ball 1-0: Ball 2-0: Swinging Strike 2-1: SINGLE (Groundball, 6D, EV 108.8 MPH) Luis Vargas to third Kenny Ball to second Runner from 3rd tries for Home, SAFE, throw by CF to home
|
|
Batting: RHB Alex Martinez
|
0-0: Called Strike 0-1: Swinging Strike 0-2: Ball 1-2: Strikes out swinging
|
|
Batting: RHB Charlie Iacovone
|
0-0: Called Strike 0-1: Swinging Strike 0-2: Strikes out looking
|
| Top of the 3rd over - 1 run, 2 hits, 0 errors, 2 left on base; Auburn 1 - Batavia 1 |
| BOTTOM OF THE 3RD |
|
Batavia Muckdogs batting - Pitching for Auburn Doubledays : RHP Michael Bastian
|
|
Batting: RHB Hiromitsu Yamada
|
0-0: Called Strike 0-1: Ball 1-1: Ball 2-1: Ground out 6-3 (Groundball, 6, EV 79.4 MPH)
|
|
Batting: RHB Jeremy Dennis
|
0-0: Ball 1-0: Swinging Strike 1-1: Fly out, F9 (Flyball, 9S, EV 97.5 MPH)
|
|
Batting: RHB Rick English
|
0-0: Ball 1-0: Swinging Strike 1-1: SOLO HOME RUN (Flyball, 7D, EV 96.9 MPH), Distance : 362 ft
|
|
Batting: LHB Danny Treto
|
0-0: Called Strike 0-1: Ball 1-1: Ball 2-1: Foul Ball, location: 2F 2-2: Ball 3-2: Ground out 4-3 (Groundball, 34, EV 84.4 MPH)
|
| Bottom of the 3rd over - 1 run, 1 hit, 0 errors, 0 left on base; Auburn 1 - Batavia 2 |
| TOP OF THE 4TH |
|
Auburn Doubledays batting - Pitching for Batavia Muckdogs : RHP Ryan Weedon
|
|
Batting: RHB Qian Tai
|
0-0: DOUBLE (Line Drive, 9LM, EV 105.6 MPH)
|
|
Batting: SHB Fernando Fundora
|
0-0: Foul Ball, location: 2F 0-1: Ball 1-1: Ball 2-1: Ball 3-1: Base on Balls
|
|
Batting: RHB Victor Rojas
|
0-0: Ball 1-0: Called Strike 1-1: Called Strike 1-2: Ball 2-2: Foul Ball, location: 2F 2-2: Ball 3-2: Strikes out swinging
|
|
Batting: RHB Joe Simmelink
|
0-0: Ball 1-0: Called Strike 1-1: Foul Ball, location: 2F 1-2: SINGLE (Groundball, 56D, EV 105.0 MPH) Qian Tai to third Fernando Fundora to second Runner from 3rd tries for Home, SAFE, throw by LF to home
|
|
Pitching: RHP Alfonso Mier
|
|
|
Batting: RHB Luis Vargas
|
0-0: Foul Ball, location: 2F 0-1: Called Strike 0-2: Ball 1-2: Fielders Choice at 2nd, 4-6 (Groundball, 4, EV 104.4 MPH) Fernando Fundora to third
|
|
Batting: RHB Kenny Ball
|
0-0: Ball 1-0: Ball 2-0: Foul Ball, location: 2F 2-1: Foul Ball, location: 2F 2-2: Ball 3-2: Fly out, F6 (Popup, 56D, EV 71.2 MPH)
|
| Top of the 4th over - 1 run, 2 hits, 0 errors, 2 left on base; Auburn 2 - Batavia 2 |
| BOTTOM OF THE 4TH |
|
Batavia Muckdogs batting - Pitching for Auburn Doubledays : RHP Michael Bastian
|
|
Batting: RHB Justin Dunham
|
0-0: Ball 1-0: Ball 2-0: Called Strike 2-1: Ball 3-1: Base on Balls
|
|
Batting: RHB Tony Ledezma
|
0-0: Called Strike 0-1: Ball 1-1: Ball 2-1: Ball 3-1: Foul Ball, location: 2F 3-2: Base on Balls Justin Dunham to second
|
|
Batting: RHB Andy Kelly
|
0-0: SINGLE (Flyball, 8LM, EV 94.4 MPH) Justin Dunham to third Tony Ledezma to second
|
|
Batting: RHB George Boivin
|
0-0: Called Strike 0-1: Called Strike 0-2: Strikes out swinging
|
|
Batting: RHB Jason Thrash
|
0-0: Foul Ball, location: 2F 0-1: Ball 1-1: Foul Ball, location: 2F 1-2: Ball Passed Ball! Justin Dunham scores Tony Ledezma to third Andy Kelly to second 2-2: SINGLE (Flyball, 89S, EV 85.6 MPH) Tony Ledezma scores Andy Kelly to third
|
|
Batting: RHB Hiromitsu Yamada
|
0-0: Ball 1-0: Ball 2-0: Ball 3-0: Base on Balls Jason Thrash to second
|
|
Batting: RHB Jeremy Dennis
|
0-0: Ball 1-0: Ball 2-0: Foul Ball, location: 2F 2-1: Fielders Choice at 2nd, 6-4 (Groundball, 6, EV 97.5 MPH) Andy Kelly scores Jason Thrash to third
|
|
Pitching: RHP Matt Norris
|
|
|
Batting: RHB Rick English
|
0-0: Ball 1-0: Ball 2-0: Called Strike 2-1: Foul Ball, location: 2F 2-2: Strikes out swinging
|
| Bottom of the 4th over - 3 runs, 2 hits, 0 errors, 2 left on base; Auburn 2 - Batavia 5 |
| TOP OF THE 5TH |
|
Auburn Doubledays batting - Pitching for Batavia Muckdogs : RHP Alfonso Mier
|
|
Batting: RHB Colin Morris
|
0-0: Swinging Strike 0-1: Ball 1-1: Fly out, F8 (Flyball, 8LD, EV 98.1 MPH)
|
|
Batting: RHB Alex Martinez
|
0-0: Ball 1-0: Swinging Strike 1-1: Swinging Strike 1-2: Ball 2-2: Ball 3-2: Strikes out swinging
|
|
Batting: RHB Charlie Iacovone
|
0-0: Ball 1-0: Foul Ball, location: 2F 1-1: Ball 2-1: Called Strike 2-2: Strikes out looking
|
| Top of the 5th over - 0 runs, 0 hits, 0 errors, 0 left on base; Auburn 2 - Batavia 5 |
| BOTTOM OF THE 5TH |
|
Batavia Muckdogs batting - Pitching for Auburn Doubledays : RHP Matt Norris
|
|
Batting: LHB Danny Treto
|
0-0: Ball 1-0: Ball 2-0: Called Strike 2-1: Foul Ball, location: 2F 2-2: Foul Ball, location: 2F 2-2: Ground out 4-3 (Groundball, 4, EV 88.1 MPH)
|
|
Batting: RHB Justin Dunham
|
0-0: Called Strike 0-1: Foul Ball, location: 2F 0-2: Foul Ball, location: 2F 0-2: Strikes out swinging
|
|
Batting: RHB Tony Ledezma
|
0-0: Called Strike 0-1: Swinging Strike 0-2: Ball 1-2: Strikes out swinging
|
| Bottom of the 5th over - 0 runs, 0 hits, 0 errors, 0 left on base; Auburn 2 - Batavia 5 |
| TOP OF THE 6TH |
|
Auburn Doubledays batting - Pitching for Batavia Muckdogs : RHP Alfonso Mier
|
|
Batting: RHB Qian Tai
|
0-0: Ball 1-0: Swinging Strike 1-1: Ball 2-1: Foul Ball, location: 2F 2-2: Ground out 6-3 (Groundball, 6, EV 85.0 MPH)
|
|
Batting: SHB Fernando Fundora
|
0-0: Called Strike 0-1: Ball 1-1: Ball 2-1: SINGLE (Line Drive, 56D, EV 97.5 MPH)
|
|
Batting: RHB Victor Rojas
|
0-0: Swinging Strike 0-1: Foul Ball, location: 2F 0-2: Strikes out swinging
|
|
Batting: RHB Joe Simmelink
|
0-0: Ball 1-0: SINGLE (Line Drive, 9S, EV 109.4 MPH) Fernando Fundora to second
|
|
Batting: RHB Luis Vargas
|
0-0: Foul Ball, location: 2F 0-1: Foul Ball, location: 2F 0-2: Ball 1-2: Strikes out looking
|
| Top of the 6th over - 0 runs, 2 hits, 0 errors, 2 left on base; Auburn 2 - Batavia 5 |
| BOTTOM OF THE 6TH |
|
Batavia Muckdogs batting - Pitching for Auburn Doubledays : RHP Matt Norris
|
|
Batting: RHB Andy Kelly
|
0-0: Called Strike 0-1: Called Strike 0-2: Ball 1-2: Fly out, F8 (Flyball, 8LS, EV 97.5 MPH)
|
|
Batting: RHB George Boivin
|
0-0: Swinging Strike 0-1: Swinging Strike 0-2: Ball 1-2: SINGLE (Groundball, 34D, EV 95.0 MPH)
|
|
Batting: RHB Jason Thrash
|
0-0: Ball 1-0: Ball 2-0: Foul Ball, location: 2F 2-1: Ball 3-1: Called Strike 3-2: Strikes out swinging
|
|
Batting: RHB Hiromitsu Yamada
|
0-0: Called Strike 0-1: Swinging Strike 0-2: SINGLE (Line Drive, 6D, EV 96.9 MPH) George Boivin to second
|
|
Batting: RHB Jeremy Dennis
|
0-0: Called Strike 0-1: Hit by Pitch George Boivin to third Hiromitsu Yamada to second
|
|
Batting: RHB Rick English
|
0-0: Ball 1-0: Called Strike 1-1: Swinging Strike 1-2: Ball 2-2: Strikes out swinging
|
| Bottom of the 6th over - 0 runs, 2 hits, 0 errors, 3 left on base; Auburn 2 - Batavia 5 |
| TOP OF THE 7TH |
|
Auburn Doubledays batting - Pitching for Batavia Muckdogs : RHP Alfonso Mier
|
|
Batting: RHB Kenny Ball
|
0-0: Ball 1-0: Called Strike 1-1: Foul Ball, location: 2F 1-2: Ball 2-2: Strikes out swinging
|
|
Batting: RHB Colin Morris
|
0-0: Ball 1-0: Ball 2-0: Called Strike 2-1: Fly out, F8 (Flyball, 8LD, EV 96.2 MPH)
|
|
Batting: RHB Alex Martinez
|
0-0: Swinging Strike 0-1: Swinging Strike 0-2: Foul Ball, location: 2F 0-2: Ball 1-2: Strikes out swinging
|
| Top of the 7th over - 0 runs, 0 hits, 0 errors, 0 left on base; Auburn 2 - Batavia 5 |
| BOTTOM OF THE 7TH |
|
Batavia Muckdogs batting - Pitching for Auburn Doubledays : RHP Matt Norris
|
|
Batting: LHB Danny Treto
|
0-0: Foul Ball, location: 2F 0-1: Ground out U3 (Groundball, 3L, EV 82.5 MPH)
|
|
Batting: RHB Justin Dunham
|
0-0: Called Strike 0-1: Foul Ball, location: 2F 0-2: Ball 1-2: Ground out 6-3 (Groundball, 6, EV 87.5 MPH)
|
|
Batting: RHB Tony Ledezma
|
0-0: Ground out 3-1 (Groundball, 34, EV 88.1 MPH)
|
| Bottom of the 7th over - 0 runs, 0 hits, 0 errors, 0 left on base; Auburn 2 - Batavia 5 |
| TOP OF THE 8TH |
|
Auburn Doubledays batting - Pitching for Batavia Muckdogs : RHP Alfonso Mier
|
|
Batting: RHB Charlie Iacovone
|
0-0: Swinging Strike 0-1: Called Strike 0-2: Strikes out swinging
|
|
Batting: RHB Qian Tai
|
0-0: Ball 1-0: Ball 2-0: Called Strike 2-1: Ball 3-1: Foul Ball, location: 2F 3-2: Foul Ball, location: 2F 3-2: Foul Ball, location: 2F 3-2: Fly out, F7 (Line Drive, 7LM, EV 101.2 MPH)
|
|
Batting: SHB Fernando Fundora
|
0-0: Called Strike 0-1: Ball 1-1: Ball 2-1: Swinging Strike 2-2: Fly out, F9 (Line Drive, 9, EV 100.6 MPH)
|
| Top of the 8th over - 0 runs, 0 hits, 0 errors, 0 left on base; Auburn 2 - Batavia 5 |
| BOTTOM OF THE 8TH |
|
Batavia Muckdogs batting - Pitching for Auburn Doubledays : RHP Matt Norris
|
|
Pitching: LHP Willie Rivera
|
|
|
Batting: RHB Andy Kelly
|
0-0: Ball 1-0: Called Strike 1-1: Called Strike 1-2: Foul Ball, location: 2F 1-2: Ball 2-2: Ball 3-2: Base on Balls
|
|
Batting: RHB George Boivin
|
0-0: Ball Andy Kelly steals 2nd base 1-0: Ball 2-0: Called Strike 2-1: Ball 3-1: Base on Balls
|
|
Batting: RHB Jason Thrash
|
0-0: Hit by Pitch Andy Kelly to third George Boivin to second
|
|
Batting: RHB Hiromitsu Yamada
|
0-0: Ball 1-0: Foul Ball, location: 2F 1-1: Ball 2-1: Ball 3-1: Foul Ball, location: 2F 3-2: Base on Balls Andy Kelly scores George Boivin to third Jason Thrash to second
|
|
Batting: RHB Jeremy Dennis
|
0-0: Foul Ball, location: 2F 0-1: Ball 1-1: Ball 2-1: Foul Ball, location: 2F 2-2: Ball 3-2: Foul Ball, location: 2F 3-2: Foul Ball, location: 2F 3-2: Base on Balls George Boivin scores Jason Thrash to third Hiromitsu Yamada to second
|
|
Batting: RHB Rick English
|
0-0: Ball 1-0: Called Strike 1-1: Swinging Strike 1-2: Foul Ball, location: 2F 1-2: Hit by Pitch Jason Thrash scores Hiromitsu Yamada to third Jeremy Dennis to second
|
|
Batting: LHB Danny Treto
|
0-0: Foul Ball, location: 2F 0-1: Swinging Strike 0-2: Ball 1-2: Ball 2-2: Foul Ball, location: 2F 2-2: Fly out, F9 (Line Drive, 89M, EV 98.1 MPH)
|
|
Pitching: RHP Manny Mendoza
|
|
|
Batting: RHB Justin Dunham
|
0-0: Fly out, F3 (Popup, 3F, EV 56.9 MPH)
|
|
Batting: RHB Tony Ledezma
|
0-0: Ball 1-0: Swinging Strike 1-1: Foul Ball, location: 2F 1-2: Ball 2-2: Ball 3-2: Base on Balls Hiromitsu Yamada scores Jeremy Dennis to third Rick English to second
|
|
Batting: RHB Andy Kelly
|
0-0: SINGLE (Groundball, 56D, EV 105.6 MPH) Jeremy Dennis scores Rick English to third Tony Ledezma to second Runner from 3rd tries for Home, SAFE, throw by LF to home
|
|
Pinch Hitting: RHB Junro Kato
|
0-0: Ground out 4-3 (Groundball, 4, EV 83.8 MPH)
|
| Bottom of the 8th over - 6 runs, 1 hit, 0 errors, 2 left on base; Auburn 2 - Batavia 11 |
| TOP OF THE 9TH |
|
Auburn Doubledays batting - Pitching for Batavia Muckdogs : RHP Alfonso Mier
|
|
Pitching: RHP Brian Heimerman
|
|
|
Now in RF: Junro Kato
|
|
|
Pinch Hitting: LHB Mike Hamilton
|
0-0: Foul Ball, location: 2F 0-1: Ball 1-1: Ball 2-1: Ground out 4-3 (Groundball, 4, EV 79.4 MPH)
|
|
Batting: RHB Joe Simmelink
|
0-0: Ball 1-0: Called Strike 1-1: Swinging Strike 1-2: Strikes out swinging
|
|
Batting: RHB Luis Vargas
|
0-0: Ball 1-0: Ball 2-0: Hit by Pitch
|
|
Batting: RHB Kenny Ball
|
0-0: Ball 1-0: DOUBLE (Line Drive, 9LS, EV 103.8 MPH) Luis Vargas to third
|
|
Batting: RHB Colin Morris
|
0-0: Foul Ball, location: 2F 0-1: DOUBLE (Groundball, 5L, EV 93.8 MPH) Luis Vargas scores Kenny Ball scores
|
|
Batting: RHB Alex Martinez
|
0-0: Ball 1-0: Called Strike 1-1: Ball 2-1: Swinging Strike 2-2: SINGLE (Groundball, 56D, EV 94.4 MPH) Colin Morris to third
|
|
Batting: RHB Charlie Iacovone
|
0-0: Swinging Strike 0-1: Foul Ball, location: 2F 0-2: Ball 1-2: Ball 2-2: Foul Ball, location: 2F 2-2: Foul Ball, location: 2F 2-2: Strikes out looking
|
| Top of the 9th over - 2 runs, 3 hits, 0 errors, 2 left on base; Auburn 4 - Batavia 11 |
|